 Dungeon Crawl Stone Soup version 0.19-a0-1079-g88a7474 (webtiles) character file.

23496 Charly the Cruncher (level 13, -10/86 HPs)
             Began as a Gargoyle Fighter on Aug 6, 2016.
             Was a Priest of Hepliaklqana.
             Killed from afar by an orc sorcerer (56 damage)
             ... with a bolt of fire
             ... on level 2 of the Orcish Mines.
             The game lasted 01:36:09 (4340 turns).

Charly the Cruncher (Gargoyle Fighter)              Turns: 4340, Time: 01:36:10

Health: -10/86     AC: 27    Str: 28    XL:     13   Next: 7%
Magic:  13/13      EV:  4    Int: 11    God:    Hepliaklqana [***...]
Gold:   738        SH:  0    Dex:  9    Spells: 0 memorised, 12 levels left

rFire  . . .     SeeInvis .     a - +7 quarterstaff of Dominance {crush, Fragile rElec Str+5}
rCold  . . .     Gourm    .     q - +1 plate armour
rNeg   + . .     Faith    .     (shield currently unavailable)
rPois  ∞         Spirit   .     s - +2 helmet
rElec  +         Dismiss  .     z - +0 cloak
rCorr  .         Reflect  .     o - +0 pair of gloves
SustAt .         Harm     +     (no boots)
MR     +++..                    d - amulet of harm
Stlth  ..........               m - ring of protection from magic
                                x - ring of protection from magic

@:
A: deformed body, magic resistance 1, negative energy resistance 1, electricity
resistance, slow regeneration 1, unbreathing, petrification resistance, rot
immunity, AC +9
a: Recall Ancestor, Ancestor Identity, Transference, Renounce Religion


You were on level 2 of the Orcish Mines.
You worshipped Hepliaklqana.
Hepliaklqana was most pleased with you.
You were not hungry.

You visited 6 branches of the dungeon, and saw 24 of its levels.
You also visited: Ice Cave.

You collected 738 gold pieces.

Inventory:

Hand Weapons
 a - the +7 quarterstaff of Dominance (weapon) {crush, Fragile rElec Str+5}
   (You found it on level 7 of the Dungeon)

   It inflicts extra damage upon your enemies.
   It affects your strength (+5).
   It insulates you from electricity.
   It will be destroyed if unequipped.
Armour
 c - a +0 shield
 o - a +0 pair of gloves (worn)
 q - a +1 plate armour (worn)
 s - a +2 helmet (worn)
 z - a +0 cloak (worn)
Magical Staves
 w - an uncursed staff of wizardry
Jewellery
 d - an amulet of harm (around neck)
 i - an uncursed ring of ice
 m - a ring of protection from magic (right hand)
 x - a ring of protection from magic (left hand)
Wands
 b - a wand of heal wounds (1/9)
 g - a wand of teleportation (4/9)
 l - a wand of flame (18/48)
Scrolls
 e - 11 scrolls of identify
 h - a scroll of fear
 k - 2 scrolls of enchant weapon
 p - 2 scrolls of amnesia
 r - 3 scrolls of teleportation
Potions
 j - a potion of might
 t - a potion of resistance
 u - 2 potions of curing
 v - 2 potions of lignification
 B - 2 potions of heal wounds
 C - a potion of brilliance
 D - a potion of invisibility
Books
 y - a book of Minor Magic

   Spells                             Type                      Level
   a - Magic Dart                     Conjuration                  1
   b - Blink                          Translocation                2
   c - Call Imp                       Summoning                    2
   d - Repel Missiles                 Charms/Air                   2
   e - Slow                           Hexes                        2
   f - Conjure Flame                  Conjuration/Fire             3
   g - Mephitic Cloud                 Conjuration/Poison/Air       3
Comestibles
 f - 9 bread rations
 n - 5 meat rations
 A - a royal jelly


   Skills:
 + Level 12.1 Fighting
   Level 8.2(11.3) Maces & Flails
 + Level 12.3(13.2) Staves
 + Level 12.2 Armour
 - Level 2.5 Dodging
 - Level 3.2 Shields


You had 12 spell levels left.
You didn't know any spells.

Dungeon Overview and Level Annotations

Branches:
Dungeon (13/15)            Temple (1/1) D:7            Lair (6/6) D:10
  Swamp (1/4) Lair:3        Snake (1/4) Lair:3          Orc (2/2) D:9
  Slime: Lair:5-6       Elf: Orc:2       Vaults: D:13-14

Altars:
Ashenzari
Cheibriados
Dithmenos
Elyvilon
Fedhas
Gozag
Hepliaklqana
Kikubaaqudgha
Makhleb
Nemelex Xobeh
Okawaru
Qazlal
Ru
Sif Muna
Trog
Uskayaw
Vehumet
Xom
Yredelemnul
Zin
The Shining One
Beogh

Portals:
Trove: D:11 (give +2 ice dragon armour)

Annotations:
D:7 Menkaure
D:12 1 exclusion
Lair:4 exclusion: downstairs
Lair:5 Urug
Lair:6 4thArraOfDagon's ghost, journeyman DDFi


Innate Abilities, Weirdness & Mutations

You are resistant to torment.
Your stone body is resilient. (AC +9)
You are immune to poison.
You resist negative energy. (rN+)
You are resistant to electric shocks. (rElec)
You can survive without breathing.
You are immune to petrification.
You are immune to rotting.
Armour fits poorly on your strangely shaped body.
You are resistant to hostile enchantments. (MR+)
You regenerate slowly when monsters are visible.


Message History

The orc warrior shouts!
The orc shouts!
The orc warlord shouts!
The orc shouts!
The orc warrior shouts! x2; The orc shouts!
The orc warrior shouts! x2
The orc shouts!
The ogre shouts!
The orc warrior shouts!
The orc shouts!
The orc sorcerer shouts!
Found 35 gold pieces.
Found a stone staircase leading up.
There is a stone staircase leading up here.
An orc comes into view. It is wielding a dagger.
The orc warrior hits you but does no damage.
The orc warlord roars a battlecry!
The orcs go into a battle-frenzy!
The orc moves out of view.
The orc warrior throws a tomahawk.
The tomahawk hits you but does no damage.
There is a stone staircase leading up here.
You see here a tomahawk.
Jacquesderrida gestures at the orc warrior while chanting.
The orc warrior appears confused.
The orc sorcerer gestures at you while chanting.
The bolt of fire hits you!
Ouch! That really hurt!
You die...

# ## ###### # #.
##.##....##..
..o#............
..$...........$.
...oo...@....#.
.......Ro....o..
.....o..........
...o.o.O......o.
...o..o.......#.
..ooo..........#
.......o........
................
..........#....


You could see the friendly jacquesderrida the hexer, an orc warlord, an orc
sorcerer, 8 orc warriors, an ogre and 5 orcs.

Vanquished Creatures
  2 hydras (Lair:6)
  2 death yaks (Lair:6)
  A hill giant (D:11)
  A manticore (D:11)
  13 elephants
  3 black mambas
  2 centaur zombies
  A gargoyle (D:11)
  A torpor snail (Lair:6)
  A spiny frog (Lair:1)
  2 komodo dragons
  A troll (Orc:1)
  A giant leech (Swamp:1)
  A two-headed ogre (D:10)
  6 blink frogs
  A shadow (D:10)
  A spriggan (Lair:5)
  9 yaks
  2 hippogriffs
  A hungry ghost (D:8)
  A basilisk (Lair:1)
  5 swamp worms (Lair:3)
  2 hell hounds (D:10)
  5 water moccasins
  A porcupine (Lair:2)
  8 orc warriors
  8 ice beasts
  3 phantoms
  4 ogres
  A wasp (D:11)
  A centaur (D:9)
  2 necrophages
  A big kobold (D:11)
  4 crocodiles
  5 giant frogs
  9 wights
  2 electric eels
  3 crimson imps
  A jelly (D:6)
  A giant frog zombie (D:7)
  9 orc priests
  7 hounds
  13 orc wizards
  A giant frog skeleton (D:9)
  2 iguanas
  Ijyb (D:2)
  7 worker ants
  10 sheep
  Robin (D:2)
  A worker ant zombie (D:9)
  An ancestor (D:9)
  4 gnolls (D:8)
  4 adders
  6 river rats (Lair:3)
  3 shadow imps
  10 white imps (D:12)
  An ooze (D:2)
  A worm (D:2)
  3 dart slugs (D:1)
  A giant gecko (D:7)
  32 orcs
  15 goblins
  10 hobgoblins
  4 kobolds
  A quokka (D:12)
  2 bats
  2 giant newts
271 creatures vanquished.

Vanquished Creatures (collateral kills)
  Nergalle (D:11)
  An ugly thing (D:12)
  A griffon (Lair:5)
  A troll (D:12)
  A blink frog (Lair:4)
  A yak (Lair:4)
  A hippogriff (D:12)
  2 nagas (Lair:3)
  2 wights
  A giant frog skeleton (D:10)
  An orc wizard (D:10)
  A sheep (Lair:5)
  2 adders
  2 white imps (D:12)
  3 orcs
  A giant cockroach (D:7)
  A kobold (D:11)
23 creatures vanquished.

Vanquished Creatures (others)
  2 elephants (Lair:6)
  A water moccasin (Lair:6)
  5 hexers
  An ancestor (D:7)
  3 orcs
  3 fungi
  A plant (Lair:3)
16 creatures vanquished.

Grand Total: 310 creatures vanquished

Notes
Turn   | Place    | Note
-------+----------+-------------------------------------------
     0 | D:1      | Charly the Gargoyle Fighter began the quest for the Orb.
     0 | D:1      | Reached XP level 1. HP: 14/14 MP: 1/1
    86 | D:1      | Reached XP level 2. HP: 19/19 MP: 2/2
   123 | D:1      | Charly: @?bat
   123 | D:1      | beem: bat (b)
                  | Spd:
    30 | HD: 1    | HP: 3-4
                  | AC/EV: 1/14
                  | Dam: 1
                  | see invisible, fly
                  | Res: blind
                  | XP:
     1 | Sz: tiny | Int: animal.
   216 | D:2      | Reached XP level 3. HP: 23/23 MP: 3/3
   304 | D:2      | Noticed Robin
   335 | D:2      | Killed Robin
   335 | D:2      | Reached XP level 4. HP: 28/28 MP: 4/4
   388 | D:2      | Noticed Ijyb
   415 | D:2      | Killed Ijyb
   534 | D:4      | Noticed an ogre
   552 | D:5      | Entered Level 5 of the Dungeon
   573 | D:5      | Reached skill level 5 in Maces & Flails
   573 | D:5      | Reached XP level 5. HP: 29/32 MP: 5/5
   638 | D:4      | Found a deep blue altar of Sif Muna.
   641 | D:4      | Found a blossoming altar of Fedhas.
   643 | D:4      | Found a radiant altar of Vehumet.
   817 | D:6      | Reached XP level 6. HP: 35/37 MP: 6/6
   839 | D:6      | Noticed a necrophage
   863 | D:6      | Killed a necrophage
   894 | D:7      | Noticed an orc warrior
   898 | D:7      | Reached XP level 7. HP: 33/41 MP: 7/7
   913 | D:7      | HP: 2/41 [orc/flail (3)]
   949 | D:7      | Got a dazzling quarterstaff
   955 | D:7      | Identified the +7 quarterstaff of Dominance {crush, Fragile rElec Str+5} (You found it on level 7 of the Dungeon)
   956 | D:7      | 8.2
   965 | D:7      | Reached skill level 1 in Staves
   979 | D:7      | Reached XP level 8. HP: 36/46 MP: 8/8
  1024 | D:7      | Found a staircase to the Ecumenical Temple.
  1033 | Temple   | Entered the Ecumenical Temple
  1034 | Temple   | Charly: ??Hepliaklqana
  1034 | Temple   | Charly: ??Uskayaw
  1034 | Temple   | beem: hepliaklqana[1/4]: God of ancestral memory. Grants a powerful, customizable permanent ancestor, which will be automatically revived if slain (after a few dozen turns). Likes exploration. 0*: ally & recall, 2*: Remember Life, 3*: {Transference}, 4*: {Idealise}, 5*: Transference-slow
  1034 | Temple   | beem: uskayaw[1/4]: God of ecstatic dance. Piety raises very quickly as you deal damage and drops very quickly over time. *: Stomp for AOE damage. **: Teleport through a line of creatures, confusing them. ***: on reaching this piety level, briefly paralyze all enemies in LOS. ****: On reaching this piety level, monsters share damage. *****: Telefrag any monster in LOS.
  1034 | Temple   | Charly: ??Uskayaw
  1034 | Temple   | beem: uskayaw[1/4]: God of ecstatic dance. Piety raises very quickly as you deal damage and drops very quickly over time. *: Stomp for AOE damage. **: Teleport through a line of creatures, confusing them. ***: on reaching this piety level, briefly paralyze all enemies in LOS. ****: On reaching this piety level, monsters share damage. *****: Telefrag any monster in LOS.
  1034 | Temple   | Charly: ??Hepliaklqana
  1034 | Temple   | beem: hepliaklqana[1/4]: God of ancestral memory. Grants a powerful, customizable permanent ancestor, which will be automatically revived if slain (after a few dozen turns). Likes exploration. 0*: ally & recall, 2*: Remember Life, 3*: {Transference}, 4*: {Idealise}, 5*: Transference-slow
  1034 | Temple   | Charly: I want to try some other god
  1034 | Temple   | Charly: but they all seem pretty shit for a 15 rune game
  1034 | Temple   | Sapher: for a speeed run yes, they are bad
  1034 | Temple   | Charly: they generally seem bad
  1034 | Temple   | Charly: Oka gifts are totally random, I never liked this god
  1034 | Temple   | Charly: Dith is very good for stealth bulids which is not the case here
  1034 | Temple   | Charly: Qaz is a joke
  1034 | Temple   | Charly: Ash is slow but I like him nevertheless
  1034 | Temple   | Charly: Ru is a joke
  1034 | Temple   | Charly: Yerd is only good on 3 runes
  1034 | Temple   | Charly: Zin is another joke
  1034 | Temple   | Charly: same goes for Nemlex
  1034 | Temple   | Sapher: golden god might work
  1034 | Temple   | Sapher: not on DD ofc
  1034 | Temple   | Sapher: golden god is like oka...you get items from god in form of shops
  1034 | Temple   | Sapher: but i would start as a warper
  1034 | Temple   | Charly: hes not in temple
  1034 | Temple   | Sapher: it would be annoying to pick all the gold without apport
  1034 | Temple   | Charly: I think Ill try one of the new guys
  1034 | Temple   | Sapher: nah, not going to work
  1034 | Temple   | Charly: what do you mean ?
  1034 | Temple   | Charly: Im not going for highsscore
  1034 | Temple   | Sapher: oh...not for a highscore you can pick any and be fine
  1038 | Temple   | Charly: looks awful
  1038 | Temple   | Became a worshipper of Hepliaklqana
  1039 | Temple   | Sapher: he will get stronger
  1039 | Temple   | Charly: he gorws in poeer with invo or xp?
  1039 | Temple   | Charly: grows in power*
  1039 | Temple   | Sapher: xp
  1039 | Temple   | Charly: so no need to train invo?
  1039 | Temple   | Sapher: may be..not a 100% sire
  1039 | Temple   | Sapher: sure
  1039 | Temple   | Sapher: he has a skill that uses invo
  1039 | Temple   | Charly: cant read about it anywhere
  1039 | Temple   | Sapher: http://crawl.chaosforge.org/Hepliaklqana
  1039 | Temple   | Charly: doesnt seem neccessary
  1039 | Temple   | Sapher: yea
  1041 | Temple   | Charly: I think its gonna be an awful game ;p
  1041 | Temple   | Charly: generally the new ideas seem awful
  1041 | Temple   | Charly: like amulet fo harm...
  1041 | Temple   | Charly: and whole new amulet system
  1131 | D:7      | Noticed Menkaure
  1132 | D:7      | You fall through a shaft for 2 floors!
  1193 | D:9      | Reached skill level 5 in Staves
  1197 | D:9      | jacquesderrida: Curly...
  1198 | D:9      | jacquesderrida: THe dominant Gar Goyle
  1198 | D:9      | Charly: Jacky !
  1198 | D:9      | jacquesderrida: Helo...
  1198 | D:9      | Charly: thought you were dead
  1198 | D:9      | Charly: hellohello
  1199 | D:9      | jacquesderrida: The thought of me being ded?! Impossibru...
  1216 | D:9      | jacquesderrida: Jeq is for evar
  1230 | D:8      | Charly: huge relief to hear that
  1271 | D:8      | Charly: ??amulet of harm
  1271 | D:8      | beem: amulet of harm[1/1]: Increases damage done by the wearer by 30% and to the wearer by 20%. Applied after AC. It applies to damage from melee, ranged, spells, abilities, evocations, clouds, falling down stairs, etc. Drains you on removal.
  1467 | D:10     | Entered Level 10 of the Dungeon
  1474 | D:10     | Reached XP level 9. HP: 52/52 MP: 9/9
  1508 | D:10     | Reached skill level 5 in Armour
  1515 | D:10     | Turgon: ??Hepliaklqana
  1515 | D:10     | beem: hepliaklqana[1/4]: God of ancestral memory. Grants a powerful, customizable permanent ancestor, which will be automatically revived if slain (after a few dozen turns). Likes exploration. 0*: ally & recall, 2*: Remember Life, 3*: {Transference}, 4*: {Idealise}, 5*: Transference-slow
  1521 | D:10     | Reached skill level 5 in Fighting
  1546 | D:11     | Turgon: ??Hepliaklqana [2]
  1546 | D:11     | beem: hepliaklqana[2/4]: https://crawl.develz.org/wiki/doku.php?id=dcss:brainstorm:god:propose:ally_god
  1550 | D:11     | Noticed Nergalle
  1551 | D:11     | Noticed a hill giant
  1673 | D:11     | Reached * piety under Hepliaklqana
  1686 | D:11     | Noticed a gargoyle
  1690 | D:11     | Gained mutation: You are resistant to hostile enchantments. (MR+) [potion of mutation]
  1690 | D:11     | Gained mutation: Armour fits poorly on your strangely shaped body. [potion of mutation]
  1690 | D:11     | Gained mutation: You regenerate slowly when monsters are visible. [potion of mutation]
  1691 | D:11     | Charly: ouch!
  1693 | D:11     | Torious: -_-
  1701 | D:11     | Killed a gargoyle
  1715 | D:12     | Noticed a green ugly thing
  1737 | D:11     | Noticed a manticore
  1745 | D:11     | Killed a manticore
  1752 | D:11     | Reached XP level 10. HP: 26/61 MP: 10/10
  1953 | D:11     | Charly: @?ugly thing
  1953 | D:11     | beem: purple ugly thing (u)
                  | Spd: 10 (move: 90%)
                  | HD: 12
                  | HP: 56-75
                  | AC/EV: 4/10
                  | Dam: 22
                  | doors
                  | Res: magic(40)
                  | Vul: silver
                  | Chunks: mutagenic
                  | XP:
   558 | Sz: Medium | Int: animal.
  1964 | D:12     | Killed a green ugly thing
  2152 | D:12     | Reached ** piety under Hepliaklqana
  2153 | D:12     | jacquesderrida: eeee...
  2153 | D:12     | Charly: Ithink Hexer
  2153 | D:12     | jacquesderrida: Dang...
  2153 | D:12     | jacquesderrida: Haxor
  2153 | D:12     | Charly: indeed
  2153 | D:12     | Remembered your ancestor jacquesderrida as a hexer
  2155 | D:12     | jacquesderrida: Nois
  2155 | D:12     | Charly: :)
  2193 | D:12     | Found a frozen archway.
  2226 | IceCv    | Entered an ice cave
  2264 | IceCv    | Noticed a white ugly thing
  2294 | IceCv    | jacquesderrida: eeeee....
  2300 | D:12     | jacquesderrida: Saved by jeq
  2300 | D:12     | jacquesderrida: Once again
  2394 | D:11     | Found a snail-covered altar of Cheibriados.
  2454 | D:11     | Killed Nergalle
  2465 | D:11     | Charly: @?hill giant
  2465 | D:11     | beem: hill giant (C)
                  | Spd:
    10 | HD: 11   | HP: 50-71
                  | AC/EV: 3/4
                  | Dam: 30
                  | items, doors
                  | Res: magic(40), drown
                  | XP:
   655 | Sz: Giant | Int: human.
  2470 | D:11     | Killed a hill giant
  2493 | D:11     | Found a portal to a secret trove of treasure.
  2511 | D:11     | Found a shimmering altar of Xom.
  2546 | D:10     | Reached XP level 11. HP: 55/69 MP: 11/11
  2570 | D:9      | Found a white marble altar of Elyvilon.
  2698 | D:8      | jacquesderrida: Heni reni
  2698 | D:8      | jacquesderrida: WElcome to Curly
  2698 | D:8      | jacquesderrida: Take a seat
  2735 | D:9      | Found an opulent altar of Gozag.
  2752 | D:11     | Charly: Lait entrance is very well hidden
  2914 | D:10     | Found a staircase to the Lair.
  2969 | Lair:1   | Entered Level 1 of the Lair of Beasts
  2993 | Lair:2   | Reached skill level 10 in Staves
  2993 | Lair:2   | Reached skill level 1 in Dodging
  3154 | Lair:4   | Reached skill level 10 in Armour
  3222 | Lair:4   | Reached skill level 10 in Fighting
  3264 | Lair:5   | Noticed a five-headed hydra
  3336 | Lair:4   | Reached XP level 12. HP: 52/78 MP: 12/12
  3338 | Lair:4   | Reached *** piety under Hepliaklqana
  3399 | Lair:5   | Identified the Reference Book on Unstable Curses (You found it on level 5 of the Lair of Beasts)
  3414 | Lair:5   | Noticed Urug
  3415 | Lair:5   | Charly: @?urug
  3415 | Lair:5   | beem: Urug (o)
                  | Spd:
    10 | HD: 9    | HP: 57-78
                  | AC/EV: 8/11
                  | Dam: 25
                  | weapons, items, doors, fighter
                  | Res: magic(40)
                  | XP:
   836 | Sz: Medium | Int: human.
  3418 | Lair:6   | Entered Level 6 of the Lair of Beasts
  3418 | Lair:6   | Noticed a four-headed hydra
  3418 | Lair:6   | Noticed a death yak
  3418 | Lair:6   | Noticed a death yak
  3435 | Lair:6   | Killed a death yak
  3444 | Lair:6   | Killed a four-headed hydra
  3461 | Lair:6   | Killed a death yak
  3544 | Lair:6   | Noticed 4thArraOfDagon's ghost (journeyman DDFi)
  3552 | Lair:6   | Noticed a six-headed hydra
  3563 | Lair:6   | Killed a six-headed hydra
  3586 | Lair:6   | 26/9
  3855 | Lair:3   | Found a staircase to the Swamp.
  3870 | Swamp:1  | Entered Level 1 of the Swamp
  3992 | Lair:3   | Found a staircase to the Snake Pit.
  4028 | Snake:1  | Entered Level 1 of the Snake Pit
  4072 | Lair:2   | Charly: @?blink forg
  4072 | Lair:2   | beem: unknown monster: "blink forg"
  4072 | Lair:2   | Charly: @?blink frog
  4072 | Lair:2   | beem: blink frog (F)
                  | Spd: 14 (swim: 60%)
                  | HD: 6
                  | HP: 27-39
                  | AC/EV: 0/16
                  | Dam: 20(blink self)
                  | amphibious, cold-blooded
                  | Res: magic(40), drown
                  | XP: 265
                  | Sp: blink [!sil]
                  | Sz: Medium
                  | Int: animal.
  4188 | D:9      | Found a roughly hewn altar of Beogh.
  4188 | D:9      | Found a staircase to the Orcish Mines.
  4204 | D:9      | Reached XP level 13. HP: 41/86 MP: 13/13
  4271 | Orc:1    | Entered Level 1 of the Orcish Mines
  4287 | Orc:1    | timbw: ?? thorn hunter
  4287 | Orc:1    | beem: thorn hunter[1/1]: Fast, mobile plants which fire volleys of thorns while making large "briar patches" to keep you from escaping and protect themselves. Briar patches will hurt you when you melee them, and can be fired through similar to brushes. Appear in Swamp as top-tier threats.
  4300 | Orc:1    | timbw: @? thorn hunter
  4300 | Orc:1    | beem: thorn hunter (f)
                  | Spd: 12 (swim: 120%)
                  | HD: 15
                  | HP: 79-113
                  | AC/EV: 9/9
                  | Dam: 27, 23
                  | plant, amphibious, see invisible, unbreathing
                  | Res: magic(100), poison, drown, neg+++, torm
                  | Vul: fire
                  | XP: 2125
                  | Sp: v.thorns (3d18) [!AM, !sil], w.brambles [!sil]
                  | Sz: Large
                  | Int: animal.
  4338 | Orc:2    | Entered Level 2 of the Orcish Mines
  4338 | Orc:2    | Noticed an orc warlord
  4340 | Orc:2    | Killed from afar by an orc sorcerer

Vault maps used:
D:1:      lemuel_arrival_rhombus
D:2:      kennysheep_the_goblin_king, uniq_robin, uniq_sigmund
D:3:      johnstein_pakellas_death_squad
D:4:      grunt_temple_overflow_diamond, led_sif_pool
D:5:      first_bread, uniq_eustachio
D:6:      serial_shops, shop
D:7:      uniq_menkaure
D:9:      nicolae_overflow_hidden_temple, kennysheep_little_box, david_orc_5,
          uniq_erica
D:10:     minmay_lair_entry_lava
D:11:     nicolae_trove_entry_crystal, basic_altar, lemuel_statue_altar,
          uniq_nergalle
D:12:     portal_ice_cave_entry_imps, serial_shops, shop
D:13:     hangedman_stone_soup
Temple:   minmay_freezing_vapour_temple
Lair:1:   st_stairs_10, minivault_23, grunt_megastairs_1,
          infiniplex_staircase_pool_2
Lair:2:   grunt_megastairs_2
Lair:3:   minmay_lair_venomous_thicket, nicolae_swamp_entry_splash_gauntlet,
          guppyfry_snake_entry_garden, minmay_holes
Lair:4:   minivault_26, infiniplex_staircase_pool
Lair:5:   nicolae_lair_grove_arrangements, grunt_forest_large_clearing_hut,
          uniq_urug
Lair:6:   evilmike_catoblepas_cave, nicolae_slime_entry_slimehenge
Swamp:1:  serial_swamp_ruin, evilmike_swamp_ruin_house_3,
          evilmike_swamp_ruin_house_1, swamp_pool2
Snake:1:  uniq_aizul
Orc:1:    elf_legates, uniq_harold
Orc:2:    grunt_orc_tribal_feast
IceCv:    ice_cave_statue_garden_chambered

Skill      XL: |  1  2  3  4  5  6  7  8  9 10 11 12 |
---------------+-------------------------------------+-----
Maces & Flails | 3 4 5 6 7 8 |  8.2
Staves         | 3 6 8 9 10 12 | 12.3
Armour         | 4 6 9 10 12 | 12.2
Fighting       | 4 6 8 10 12 | 12.1
Dodging        | 2 |  2.5
Shields        | |  3.2

Action                   |  1- 3 |  4- 6 |  7- 9 | 10-12 | 13-15 || total
-------------------------+-------+-------+-------+-------+-------++-------
Melee: Flail             |    94 |   137 |    34 |       |       ||   265
       Quarterstaff      |       |       |   145 |   472 |    68 ||   685
Invok: Recall Ancestor   |       |       |     2 |     6 |       ||     8
       Ancestor Life: He |       |       |       |     1 |       ||     1
       Ancestor Identity |       |       |       |     1 |       ||     1
Evoke: Wand              |       |       |       |    10 |       ||    10
  Use: Scroll            |       |     4 |    10 |    14 |       ||    28
       Potion            |       |     1 |     6 |     2 |       ||     9
 Stab: Invisible         |       |       |     1 |       |       ||     1
       Distracted        |       |       |       |     4 |       ||     4
       Confused          |       |       |       |     2 |       ||     2
  Eat: Fruit             |     3 |       |       |       |       ||     3
       Chunk             |       |       |     1 |     1 |       ||     2
       Pizza             |       |       |       |     2 |       ||     2
       Beef jerky        |       |       |       |     1 |       ||     1
       Meat ration       |       |       |       |     1 |       ||     1
Armor: Scale mail        |    54 |    78 |       |       |       ||   132
       Plate armour      |       |    32 |   202 |   267 |    37 ||   538
Dodge: Dodged            |    39 |    51 |    91 |   125 |    17 ||   323
Block: Shield            |    58 |   117 |    47 |       |       ||   222
